Map: Buried Caverns

Players

tglanz - Winner!

  • Race: Protoss Protoss
  • Spawn Location: 9:00

Antill - Winner!

  • Race: Protoss Protoss
  • Spawn Location: 9:00

Tungsten - Winner!

  • Race: Protoss Protoss
  • Spawn Location: 7:00

VOD

Have the link to the VOD?

Description

Time

  • Played on: June 18, 2018, 2:51 p.m.
  • Length: 18:50
Show
View Real Time Build Order
Export as new Build Order

tglanz Protoss - Winner!

Build Orders:  

Get SALT Encoding   

  12  0:03  Probe (Chrono Boost)  
  14  0:20  Probe (Chrono Boost)  
  14  0:28  Pylon  
  14  0:37  Probe (Chrono Boost)  
  15  0:42  Assimilator  
  15  0:56  Probe (Chrono Boost)  
  16  1:05  Gateway  
  16  1:08  Probe (Chrono Boost)  
  17  1:20  Probe (Chrono Boost)  
  18  1:32  Probe (Chrono Boost)  
  19  1:49  Probe (Chrono Boost)  
  20  2:14  Cybernetics Core  
  20  2:18  Probe (Chrono Boost)  
  21  2:23  Nexus  
  21  2:37  Pylon  
  21  2:52  Assimilator  
  21  3:05  Twilight Council  
  21  3:26  Probe (Chrono Boost)  
  22  3:35  Robotics Facility  
  22  3:53  Probe (Chrono Boost)  
  23  4:18  Dark Shrine  
  23  4:27  Gateway  
  23  4:29  Gateway  
  23  4:32  Gateway  
  23  4:33  Warp Gate  
  23  4:36  Warp Prism  
  25  4:54  Probe (Chrono Boost)  
  25  4:58  Probe (Chrono Boost)  
  28  5:11  Probe (Chrono Boost)  
  28  5:15  Probe (Chrono Boost)  
  29  5:46  Probe x2 (Chrono Boost)  
  31  5:59  Dark Templar  
  33  6:00  Dark Templar x2  
  37  6:16  Probe x2 (Chrono Boost)  
  39  6:20  Assimilator  
  39  6:26  Assimilator  
  39  6:31  Pylon  
  39  6:34  Pylon  
  39  6:54  Dark Templar  
  43  7:10  Probe (Chrono Boost)  
  43  7:11  Probe (Chrono Boost)  
  41  7:34  Dark Templar x2  
  45  8:08  Probe x2 (Chrono Boost)  
  45  8:17  Zealot x2  
  49  8:26  Probe x2 (Chrono Boost), Unknown  
  49  8:28  Immortal  
  55  8:44  Unknown  
  55  8:46  Robotics Facility  
  51  9:26  Probe x2 (Chrono Boost)  
  53  9:31  Immortal  
  57  9:43  Probe x2 (Chrono Boost)  
  59  10:00  Pylon  
  59  10:05  Pylon  
  59  10:13  Gateway  
  59  10:17  Gateway  
  59  10:18  Gateway  
  59  10:22  Pylon  
  59  10:29  Immortal, Probe x2 (Chrono Boost), Warp Prism  
  65  10:30  Pylon  
  65  10:49  Charge, Probe (Chrono Boost)  
  67  10:50  Probe (Chrono Boost)  
  61  11:38  Probe x2 (Chrono Boost)  
  63  11:45  Nexus  
  63  11:52  Nexus  
  63  11:54  Zealot x2  
  63  11:55  Zealot x2  
  63  11:58  Pylon  
  73  12:01  Probe x2 (Chrono Boost), Pylon  
  73  12:06  Pylon  
  73  12:11  Assimilator  
  73  12:18  Immortal x2  
  73  12:19  Assimilator  
  81  12:23  Assimilator  
  81  12:30  Assimilator  
  81  12:37  Pylon  
  81  12:39  Pylon  
  81  12:47  Probe (Chrono Boost)  
  81  12:48  Probe (Chrono Boost), Pylon  
  77  12:53  Pylon  
  77  12:59  Zealot  
  77  13:00  Zealot x5  
  77  13:01  Zealot  
  89  13:29  Zealot  
  91  13:30  Zealot x2  
  91  13:31  Zealot x2  
  85  13:44  Immortal  
  85  13:45  Immortal  
  93  13:50  Unknown  
  83  14:09  Probe x3 (Chrono Boost)  
  83  14:10  Probe (Chrono Boost)  
  83  14:38  Templar Archives  
  83  14:39  Gateway  
  83  14:43  Gateway  
  83  14:48  Gateway  
  83  14:51  Gateway  
  83  14:55  Gateway  
  83  14:58  Probe (Chrono Boost)  
  83  14:59  Probe x3 (Chrono Boost)  
  87  15:03  Gateway  
  87  15:07  Gateway  
  87  15:11  Gateway  
  87  15:36  Zealot x4  
  87  15:37  Zealot x3  
  101  16:52  Zealot x4  
  101  16:53  Zealot x3  
  115  17:08  Probe (Chrono Boost)  
  115  17:09  Probe x3 (Chrono Boost)  
  113  17:21  Zealot x3  
  113  17:22  Zealot x4  
  113  17:23  Zealot x3  
  113  17:24  Zealot x3  
  113  17:25  Zealot x2  
  123  17:58  Dark Templar x3  
  123  17:59  Dark Templar x5  
  139  18:00  Dark Templar x4  
  139  18:01  Dark Templar x3  
  153  18:26  Pylon  
  153  18:30  Pylon  
  153  18:34  Pylon  
Show
View Real Time Build Order
Export as new Build Order

Antill Protoss - Winner!

Build Orders:  

Get SALT Encoding   

  12  0:07  Probe (Chrono Boost)  
  13  0:24  Pylon  
  13  0:33  Probe (Chrono Boost)  
  14  0:44  Probe (Chrono Boost)  
  15  0:56  Gateway  
  15  0:58  Probe (Chrono Boost)  
  16  1:14  Probe (Chrono Boost)  
  17  1:26  Assimilator  
  18  1:31  Probe (Chrono Boost)  
  18  1:37  Pylon  
  18  1:48  Probe (Chrono Boost)  
  19  2:07  Cybernetics Core  
  19  2:13  Assimilator  
  19  2:14  Probe (Chrono Boost)  
  20  2:25  Probe (Chrono Boost)  
  21  2:39  Probe (Chrono Boost)  
  22  2:50  Zealot  
  24  3:28  Zealot  
  26  3:30  Stargate  
  26  3:48  Nexus  
  26  3:55  Assimilator  
  26  4:01  Assimilator  
  26  4:02  Probe (Chrono Boost)  
  27  4:14  Probe (Chrono Boost)  
  28  4:27  Probe (Chrono Boost)  
  29  4:40  Zealot  
  31  4:59  Pylon  
  31  5:11  Pylon  
  31  5:17  Pylon  
  31  5:23  Void Ray  
  31  5:26  Probe (Chrono Boost)  
  36  5:43  Probe x2 (Chrono Boost)  
  38  5:55  Probe (Chrono Boost)  
  40  6:00  Probe (Chrono Boost)  
  40  6:06  Probe (Chrono Boost)  
  41  6:10  Void Ray  
  41  6:17  Probe (Chrono Boost)  
  42  6:21  Probe (Chrono Boost)  
  42  6:26  Protoss Air Weapons Level 1  
  47  6:34  Probe (Chrono Boost)  
  47  6:38  Probe (Chrono Boost)  
  49  6:53  Pylon  
  49  7:05  Stargate, Void Ray  
  53  7:20  Probe (Chrono Boost)  
  54  7:32  Probe (Chrono Boost)  
  55  7:40  Forge  
  55  7:44  Probe (Chrono Boost)  
  56  7:56  Void Ray  
  57  8:01  Probe (Chrono Boost)  
  57  8:02  Sentry  
  63  8:18  Probe (Chrono Boost)  
  64  8:24  Stargate  
  64  8:28  Stargate  
  64  8:35  Probe (Chrono Boost)  
  64  8:39  Sentry  
  67  8:46  Probe (Chrono Boost)  
  68  8:58  Probe (Chrono Boost), Protoss Ground Weapons Level 1  
  68  9:06  Protoss Air Armor Level 1  
  69  9:11  Probe (Chrono Boost)  
  70  9:20  Twilight Council  
  70  9:28  Probe (Chrono Boost)  
  71  9:33  Void Ray  
  75  10:06  Pylon  
  75  10:08  Pylon  
  75  10:14  Pylon  
  75  10:22  Pylon  
  75  10:25  Pylon  
  75  10:31  Pylon, Void Ray  
  79  10:49  Fleet Beacon, Void Ray  
  83  11:31  Void Ray  
  83  11:38  Protoss Ground Armor Level 1  
  87  11:49  Pylon  
  87  11:58  Pylon  
  87  12:13  Assimilator  
  87  12:16  Nexus  
  87  12:26  Photon Cannon  
  87  12:28  Photon Cannon  
  87  12:32  Photon Cannon  
  87  12:37  Photon Cannon  
  87  12:43  Photon Cannon  
  87  12:46  Photon Cannon  
  87  12:49  Shield Battery  
  87  12:58  Photon Cannon  
  87  13:03  Shield Battery  
  87  13:08  Shield Battery  
  89  13:55  Void Ray  
  89  13:59  Void Ray  
  97  14:02  Protoss Air Weapons Level 2  
  97  14:19  Zealot  
  95  14:57  Zealot  
  97  15:03  Charge  
  89  15:35  Zealot  
  91  15:41  Void Ray  
  91  15:45  Void Ray  
  99  15:51  Void Ray  
  99  15:54  Void Ray  
  107  16:13  Zealot  
  109  16:41  Void Ray  
  109  16:45  Void Ray  
  117  16:51  Zealot, Void Ray  
  127  17:24  Void Ray  
Show
View Real Time Build Order
Export as new Build Order

Tungsten Protoss - Winner!

Build Orders:  

Get SALT Encoding   

  12  0:08  Probe (Chrono Boost)  
  14  0:30  Probe (Chrono Boost)  
  14  0:32  Pylon  
  14  0:47  Probe (Chrono Boost)  
  15  0:58  Gateway  
  15  1:04  Probe (Chrono Boost)  
  16  1:10  Assimilator  
  17  1:21  Probe (Chrono Boost)  
  17  1:38  Probe (Chrono Boost)  
  18  1:55  Probe (Chrono Boost)  
  19  2:05  Cybernetics Core  
  19  2:07  Pylon  
  19  2:12  Probe (Chrono Boost)  
  21  2:31  Probe (Chrono Boost)  
  21  2:46  Nexus  
  21  2:48  Probe (Chrono Boost)  
  22  2:50  Assimilator  
  22  3:04  Twilight Council  
  22  3:20  Zealot  
  24  3:34  Probe (Chrono Boost)  
  25  3:49  Pylon  
  26  3:51  Probe (Chrono Boost)  
  26  4:02  Zealot  
  28  4:14  Templar Archives  
  28  4:19  Probe (Chrono Boost)  
  29  4:21  Warp Gate  
  29  4:27  Pylon  
  29  4:36  Probe (Chrono Boost)  
  31  4:40  Probe (Chrono Boost)  
  31  4:45  Zealot  
  33  4:53  Probe (Chrono Boost)  
  33  4:56  Psionic Storm  
  35  5:00  Probe (Chrono Boost)  
  36  5:10  Probe (Chrono Boost)  
  36  5:24  Gateway  
  36  5:27  Charge  
  36  5:37  Zealot  
  38  5:44  Probe x2 (Chrono Boost)  
  42  6:01  Probe x2 (Chrono Boost)  
  42  6:11  Pylon  
  42  6:16  Gateway  
  42  6:18  Gateway  
  42  6:50  High Templar x2  
  46  7:08  Forge  
  46  7:09  Forge  
  46  7:14  Probe (Chrono Boost)  
  46  7:15  Probe (Chrono Boost)  
  48  7:36  Zealot x3  
  48  7:37  Zealot  
  56  8:00  Gateway  
  56  8:01  Gateway  
  56  8:02  Gateway  
  56  8:03  Pylon  
  56  8:08  Probe (Chrono Boost), Pylon  
  56  8:09  Probe (Chrono Boost), Pylon  
  50  8:10  Protoss Shields Level 1, Protoss Ground Weapons Level 1  
  58  8:16  Assimilator  
  58  8:22  Assimilator  
  58  8:28  Nexus  
  58  8:35  Zealot  
  60  8:56  Probe x2 (Chrono Boost)  
  62  9:11  High Templar x2  
  62  9:12  Zealot  
  62  9:13  Zealot  
  70  9:58  Probe x2 (Chrono Boost)  
  72  10:05  Pylon, Zealot x4  
  72  10:06  Zealot x2  
  72  10:07  Zealot  
  72  10:08  Pylon  
  86  10:11  Pylon  
  86  10:15  Probe (Chrono Boost), Pylon  
  86  10:19  Pylon  
  87  10:24  Pylon  
  87  10:35  Protoss Shields Level 2  
  87  10:36  Probe (Chrono Boost)  
  87  10:37  Probe x2 (Chrono Boost)  
  87  10:38  Assimilator  
  90  10:41  High Templar x2  
  90  10:43  Assimilator, Protoss Ground Armor Level 1  
  90  10:49  Archon  
  94  11:18  Probe x2 (Chrono Boost)  
  94  11:19  Probe (Chrono Boost)  
  97  11:23  Zealot x3  
  97  11:24  Zealot x2  
  110  11:50  Probe (Chrono Boost)  
  110  11:51  Probe x2 (Chrono Boost)  
  110  12:05  High Templar x2  
  110  12:07  Zealot x4  
  110  12:08  Zealot  
  124  12:23  Archon  
  124  12:36  Stalker x2  
  124  12:37  Stalker x3  
  134  12:54  Stalker  
  134  12:55  Stalker  
  112  13:28  Zealot x3  
  112  13:29  Zealot x4  
  120  13:46  Blink  
  106  14:16  Protoss Ground Weapons Level 2  
  106  14:17  Archon, Protoss Ground Armor Level 2  
  106  14:18  Archon  
  82  14:37  Stalker  
  82  14:38  Stalker x4  
  82  14:39  Stalker x2  
  78  15:32  Stalker  
  78  15:33  Stalker x5  
  78  15:34  Stalker  
  92  15:57  Robotics Facility x2  
  88  16:46  Stalker x4  
  88  16:47  Stalker x3  
  92  17:46  Immortal  
  92  17:47  Immortal  
  92  17:51  Stalker  
  92  17:52  Stalker x4  
  92  17:53  Stalker x2  
  114  18:29  Probe x3 (Chrono Boost)  
Tags
 
Add a new tag
Caveats
  • Supply blocks, unpowered buildings, or Contaminate may cause inaccurate times.
  • Supply counts are checked every 10 seconds.